 Dungeon Crawl Stone Soup version 0.21-a0-49-g7bf2ba4 (webtiles) character file.

67760 Duffy the Fencer (level 14, -36/122 HPs)
             Began as a Centaur Gladiator on June 9, 2017.
             Was a High Priest of Okawaru.
             Annihilated by a very large slime creature (39 damage)
             ... on level 12 of the Dungeon.
             The game lasted 00:51:30 (38036 turns).

Duffy the Fencer (Centaur Gladiator)               Turns: 38036, Time: 00:51:31

Health: -36/122    AC: 20    Str: 28    XL:     14   Next: 84%
Magic:  21/21      EV:  7    Int:  7    God:    Okawaru [*****.]
Gold:   1800       SH:  3    Dex:  8    Spells: 13/13 levels left

rFire    + . .     SeeInvis .   o - +5 triple sword (flame)
rCold    + + +     Gourm    .   (shield currently unavailable)
rNeg     . . .     Faith    .   Q - +1 ring mail of Pride {rC++ MR+ rCorr Dex-5}
rPois    +         Spirit   .   c - +0 helmet
rElec    +         Reflect  +   R - +2 cloak {MR+}
rCorr    +         Harm     .   Z - +0 pair of gloves {Str+3}
MR       +++..                  O - +0 centaur barding
Stlth    ..........             H - +3 amulet of reflection
Regen    0.3/turn               I - ring of protection from cold
MPRegen  0.2/turn               B - ring of protection from cold

@: mighty, resistant, flying, very quick
A: hooves 3, deformed body, speed 2, tough skin 3
a: Heroism, Finesse, Renounce Religion


You were on level 12 of the Dungeon.
You worshipped Okawaru.
Okawaru was extremely pleased with you.
You were hungry.

You visited 4 branches of the dungeon, and saw 21 of its levels.
You also visited: Labyrinth.

You collected 2222 gold pieces.
You spent 422 gold pieces at shops.

Inventory:

Hand Weapons
 a - a +5 great sword
 b - a +0 blowgun
 o - a +5 triple sword of flaming (weapon)
 T - a +3 double sword of pain
Missiles
 d - 2 throwing nets {=f}
 E - 17 tomahawks
 F - 5 javelins of returning
 M - 7 exploding tomahawks
 N - 2 javelins of penetration
 P - 11 silver javelins
 S - 7 tomahawks of dispersal
 W - 14 poisoned javelins (quivered)
 X - 4 javelins
 Y - 6 needles of paralysis
Armour
 c - a +0 helmet (worn)
 O - a +0 centaur barding (worn)
 Q - the +1 ring mail of Pride (worn) {rC++ MR+ rCorr Dex-5}
   (You found it on level 9 of the Dungeon)

   It affects your dexterity (-5).
   It greatly protects you from cold.
   It affects your resistance to hostile enchantments.
   It protects you from acid and corrosion.
 R - a +2 cloak of magic resistance (worn)
 Z - a +0 pair of gloves of strength (worn)
Jewellery
 g - a +5 amulet of reflection
 B - a ring of protection from cold (right hand)
 H - a +3 amulet of reflection (around neck)
 I - a ring of protection from cold (left hand)
Wands
 k - a wand of scattershot (5/9)
 C - a wand of acid (4/15)
 D - a wand of lightning (13/15)
Scrolls
 h - 2 scrolls of fear
 j - a scroll of magic mapping
 p - 4 scrolls of immolation
 q - 15 scrolls of remove curse
 r - 4 scrolls of recharging
 x - 3 scrolls of fog
 y - 5 scrolls of teleportation
 G - 3 scrolls of enchant armour
Potions
 e - a potion of mutation
 i - 2 potions of heal wounds
 l - 3 potions of berserk rage
 n - 3 potions of invisibility
 t - 4 potions of might
 u - 7 potions of curing
 J - 5 potions of lignification
 U - a potion of resistance
Books
 L - a Grand Grimoire

   Spells                             Type                      Level
   a - Monstrous Menagerie            Summoning                    7
   b - Summon Greater Demon           Summoning                    7
   c - Malign Gateway                 Summoning/Translocation      7
   d - Summon Horrible Things         Summoning                    8
Miscellaneous
 V - a lightning rod (4/4)
Comestibles
 f - 5 bread rations
 m - 16 meat rations
 s - 23 fruits
 A - 2 chunks of flesh


   Skills:
 - Level 10.8 Fighting
 - Level 15.0 Long Blades
 - Level 11.5 Throwing
 + Level 8.7 Armour
 + Level 2.8 Dodging
 - Level 10.5 Invocations


You had 13 spell levels left.
You didn't know any spells.

Dungeon Overview and Level Annotations

Branches:
Dungeon (12/15)            Temple (1/1) D:6            Lair (6/6) D:11
  Swamp (0/4) Lair:2       Spider (0/4) Lair:3        Slime (0/5) Lair:5
    Orc (2/2) D:9             Elf (0/3) Orc:2

Altars:
Ashenzari
Cheibriados
Dithmenos
Elyvilon
Fedhas
Gozag
Hepliaklqana
Kikubaaqudgha
Makhleb
Nemelex Xobeh
Okawaru
Qazlal
Ru
Sif Muna
Trog
Uskayaw
Vehumet
Wu Jian
Xom
Yredelemnul
Zin
The Shining One
Beogh
Jiyva

Shops:
D:7 *   D:8 (   Orc:1 *   Orc:2 ([:*


Innate Abilities, Weirdness & Mutations

You have hooves in place of feet.
Armour fits poorly on your strangely shaped body.
You cover ground very quickly.
You have extremely tough skin. (AC +3)


Message History

The slime creature quivers. x3
A slime creature suddenly becomes a large slime creature.
Okay, then.
Two slime creatures merge to form a very large slime creature.
The very large slime creature hits you!!!
You feel protected.
The very large slime creature barely misses you.
You riposte.
You slash the very large slime creature!
You burn the very large slime creature. You kick the very large slime creature.
The very large slime creature is lightly wounded.
You feel very buoyant.
You fly up into the air.
The very large slime creature hits you but does no damage.
The very large slime creature hits you! The very large slime creature hits you.
The very large slime creature hits you!!!
You feel very mighty all of a sudden.
The very large slime creature hits you!!!
You die...

.........##.........>..,******,**
##.########.#?#.#####.#** *,*
*#.# #.#.#.# *,* *,* *#.# #.#.#.#
*,********,* *#.# #.#.#.#
*,,,,,,,,,,* *#.########,#.#.#
************* ##.........,#.#.##
* ....#######*..#..# *** ###.#
*,*##@# **,, #.# ##.*##J## **,,~
###.#****##...#...## *,,**
....#*,>,.$!../....# **,,,,
#####*,**##...#....# *,~,,, *,*
##.###.#.# *,,*~, *,* #.* #.#.#
*,*~*~ *,* #,* #.#.# *,**~* *,*
*,**#.#.# *,***,


You could see a very large slime creature.

Vanquished Creatures
  An orc warlord (Orc:1)
  The ghost of anet the Fighter, a journeyman MiMo of Ashenzari (Orc:1)
  A stone giant (Orc:1)
  A minotaur (Lab)
  An ettin (Orc:2)
  The ghost of anet the Fighter, a journeyman MiMo of Ashenzari (Orc:1)
  6 hydras
  A centaur warrior (D:9)
  3 two-headed ogres
  An orc high priest (Orc:2)
  Urug (Orc:1)
  2 orc knights (Orc:2)
  A wolf spider (Lair:6)
  An ugly thing (D:11)
  A manticore (D:11)
  2 orc sorcerers (Orc:2)
  2 slime creatures (D:11)
  A cyclops (D:9)
  9 elephants (Lair:6)
  Maurice (D:11)
  A guardian serpent (Lair:6)
  7 black mambas
  Joseph (D:7)
  15 spiny frogs
  A gargoyle (D:11)
  10 komodo dragons
  2 rime drakes (Lair:6)
  6 polar bears
  A merfolk (D:9)
  2 trolls
  4 hornets
  10 blink frogs
  12 hippogriffs
  3 redbacks (Lair:6)
  Eustachio (D:3)
  A vampire (D:7)
  10 wyverns
  59 yaks
  A steam dragon (D:8)
  3 basilisks
  A hungry ghost (D:12)
  A warg (Orc:2)
  22 water moccasins
  Duvessa (D:4)
  32 orc warriors
  13 porcupines
  2 sky beasts
  An eye of draining (D:9)
  3 black bears
  2 ice beasts
  3 necrophages
  3 phantoms
  16 ogres
  4 wolves (Lair:5)
  8 centaurs
  21 crocodiles
  15 bullfrogs
  Blork the orc (D:4)
  2 big kobolds (D:9)
  A wyvern zombie (D:9)
  A gnoll sergeant (D:11)
  Dowan (D:4)
  5 scorpions
  2 jellies
  17 killer bees
  6 wights
  An electric eel (Lair:1)
  2 vampire bats (D:6)
  3 howler monkeys
  5 crimson imps
  2 bullfrog zombies
  5 centaur zombies
  13 hounds
  21 orc wizards
  4 bullfrog skeletons
  21 orc priests
  3 centaur skeletons
  Crazy Yiuf (D:4)
  Jessica (D:2)
  6 iguanas
  13 worker ants
  2 hound zombies
  2 hound skeletons (D:4)
  4 worker ant zombies (D:9)
  A howler monkey skeleton (D:8)
  16 adders
  7 gnolls
  3 shadow imps
  4 adder skeletons
  4 adder zombies
  3 worms
  2 dart slugs
  8 leopard geckos
  67 orcs
  7 giant cockroaches
  7 goblins
  4 hobgoblins
  8 jackals
  6 quokkas
  2 ball pythons
  13 bats
  2 frilled lizards (D:2)
  9 kobolds
  A leopard gecko zombie (D:7)
  A quokka skeleton (D:7)
  4 rats
660 creatures vanquished.

Vanquished Creatures (others)
  A bush (Lair:6)
  30 fungi
  29 plants
60 creatures vanquished.

Grand Total: 720 creatures vanquished

Notes
Turn   | Place    | Note
-------+----------+-------------------------------------------
     0 | D:1      | Duffy the Centaur Gladiator began the quest for the Orb.
     0 | D:1      | Reached XP level 1. HP: 17/17 MP: 1/1
   162 | D:1      | Reached skill level 3 in Long Blades
   347 | D:1      | Reached XP level 2. HP: 24/24 MP: 2/2
   506 | D:2      | Noticed Jessica
   513 | D:2      | Killed Jessica
   513 | D:2      | Reached XP level 3. HP: 28/29 MP: 3/3
   574 | D:2      | Reached skill level 4 in Long Blades
   908 | D:2      | Reached XP level 4. HP: 23/36 MP: 4/4
  1551 | D:3      | Noticed an ice beast
  1578 | D:3      | Killed an ice beast
  1578 | D:3      | Reached skill level 5 in Long Blades
  1578 | D:3      | Reached XP level 5. HP: 23/41 MP: 5/5
  2353 | D:3      | Reached skill level 6 in Long Blades
  2711 | D:4      | Reached XP level 6. HP: 42/48 MP: 6/6
  2772 | D:4      | Found an opulent altar of Gozag.
  2773 | D:4      | Found a basalt altar of Yredelemnul.
  2809 | D:4      | Found a white marble altar of Elyvilon.
  2811 | D:4      | Found a sparkling altar of Nemelex Xobeh.
  2850 | D:4      | Noticed Dowan
  2851 | D:4      | Noticed Duvessa
  2898 | D:4      | Killed Duvessa
  3051 | D:4      | Killed Dowan
  3051 | D:4      | Reached skill level 7 in Long Blades
  3820 | D:4      | Reached XP level 7. HP: 38/55 MP: 7/7
  4349 | D:4      | Found a runed door.
  4388 | D:4      | Noticed Crazy Yiuf
  4400 | D:4      | Killed Crazy Yiuf
  4800 | D:3      | Reached skill level 8 in Long Blades
  5099 | D:4      | Noticed Blork the orc
  5110 | D:4      | Killed Blork the orc
  5330 | D:5      | Entered Level 5 of the Dungeon
  5350 | D:5      | Noticed Eustachio
  5634 | D:3      | Killed Eustachio
  5634 | D:3      | Reached skill level 9 in Long Blades
  5634 | D:3      | Reached XP level 8. HP: 26/61 MP: 8/8
  5901 | D:5      | Found a shimmering altar of Xom.
  6676 | D:5      | Reached skill level 10 in Long Blades
  7294 | D:6      | Found a staircase to the Ecumenical Temple.
  7299 | Temple   | Entered the Ecumenical Temple
  7548 | Temple   | Became a worshipper of Warmaster Okawaru
  8183 | D:7      | Found Ker Ehow's General Store.
  8191 | D:7      | Bought a scroll of identify for 28 gold pieces
  8191 | D:7      | Bought a scroll of enchant armour for 105 gold pieces
  8191 | D:7      | Bought a potion of lignification for 42 gold pieces
  8258 | D:7      | Noticed Joseph
  8300 | D:7      | Killed Joseph
  8300 | D:7      | Reached XP level 9. HP: 13/71 MP: 9/9
  8983 | D:7      | Reached * piety under Okawaru
  9305 | D:7      | Reached skill level 1 in Invocations
  9413 | D:7      | Reached skill level 5 in Fighting
  9413 | D:7      | Reached skill level 11 in Long Blades
  9602 | D:7      | Found a sacrificial altar of Ru.
  9699 | D:7      | Reached ** piety under Okawaru
 10777 | D:7      | Noticed a komodo dragon
 10842 | D:7      | Killed a komodo dragon
 11118 | D:7      | Got a shimmering ring mail
 11128 | D:7      | Reached XP level 10. HP: 72/84 MP: 13/13
 11183 | D:7      | Identified Senim's Almanac of Ignition
 11200 | D:7      | Identified the cursed +1 ring mail of Fedhas's Vengeance {Stlth+} (You found it on level 7 of the Dungeon)
 11596 | D:8      | Reached *** piety under Okawaru
 11596 | D:8      | Received a gift from Okawaru
 12736 | D:8      | Noticed a two-headed ogre
 12751 | D:8      | Killed a two-headed ogre
 12888 | D:8      | Found Fum Bier's Antique Weapon Emporium.
 12968 | D:9      | Got a heavily runed ring mail
 12980 | D:9      | Reached skill level 12 in Long Blades
 13063 | D:8      | Identified the +1 ring mail of Pride {rC++ MR+ rCorr Dex-5} (You found it on level 9 of the Dungeon)
 13300 | D:9      | Reached skill level 5 in Throwing
 13319 | D:9      | Noticed a cyclops
 13333 | D:9      | Killed a cyclops
 13333 | D:9      | Reached **** piety under Okawaru
 13730 | D:9      | Paralysed by a hornet for 3 turns
 13734 | D:9      | Reached XP level 11. HP: 58/94 MP: 11/14
 13811 | D:9      | Noticed a centaur warrior
 13822 | D:9      | Killed a centaur warrior
 14126 | D:9      | Reached ***** piety under Okawaru
 14134 | D:9      | Found an ancient bone altar of Kikubaaqudgha.
 14141 | D:9      | Found a bloodstained altar of Trog.
 14283 | D:9      | Found a shadowy altar of Dithmenos.
 14301 | D:9      | Found a hide-covered altar of Uskayaw.
 14301 | D:9      | Found a blossoming altar of Fedhas.
 14302 | D:9      | Found a snail-covered altar of Cheibriados.
 14845 | D:9      | Found a staircase to the Orcish Mines.
 14932 | D:9      | Received a gift from Okawaru
 14932 | D:9      | Reached skill level 1 in Armour
 15217 | D:9      | Found a glowing golden altar of the Shining One.
 15274 | D:10     | Entered Level 10 of the Dungeon
 16506 | D:10     | Noticed a two-headed ogre
 16515 | D:10     | Killed a two-headed ogre
 16974 | D:11     | Noticed Maurice
 16975 | D:11     | Paralysed by a hornet for 1 turns
 17167 | D:11     | Reached skill level 13 in Long Blades
 17327 | D:11     | Noticed a two-headed ogre
 17334 | D:11     | Killed a two-headed ogre
 17449 | D:11     | Found a sacrificial altar of Ru.
 17484 | D:11     | Reached skill level 10 in Fighting
 17484 | D:11     | Reached XP level 12. HP: 26/106 MP: 12/15
 17515 | D:11     | Reached ****** piety under Okawaru
 17920 | D:11     | Killed Maurice
 18389 | D:11     | Found a staircase to the Lair.
 18938 | D:11     | Reached skill level 5 in Invocations
 19178 | Lair:1   | Entered Level 1 of the Lair of Beasts
 19207 | Lair:1   | Received a gift from Okawaru
 19229 | Lair:1   | Got a sapphire arbalest {god gift}
 19230 | Lair:1   | Identified the +9 arbalest "Concordance" {velocity, rElec rC+} (Okawaru gifted it to you on level 1 of the Lair of Beasts)
 21300 | Lair:2   | Noticed a five-headed hydra
 21331 | Lair:2   | Killed a five-headed hydra
 21540 | Lair:2   | Found a staircase to the Swamp.
 21943 | Lair:2   | Received a gift from Okawaru
 22163 | Lair:2   | Reached skill level 5 in Armour
 22694 | Lair:3   | Received a gift from Okawaru
 23199 | Lair:3   | Reached skill level 10 in Throwing
 23221 | Lair:3   | Reached XP level 13. HP: 114/114 MP: 15/18
 23234 | Lair:3   | Received a gift from Okawaru
 23250 | Lair:3   | Found a hole to the Spider Nest.
 24282 | Lair:4   | Found a hazy altar of Hepliaklqana.
 24888 | Lair:4   | Received a gift from Okawaru
 26605 | Lair:5   | Found a viscous altar of Jiyva.
 26608 | Lair:5   | Found a staircase to the Slime Pits.
 26919 | Lair:5   | Received a gift from Okawaru
 27588 | Lair:6   | Entered Level 6 of the Lair of Beasts
 27693 | Lair:6   | Received a gift from Okawaru
 27771 | Lair:6   | Received a gift from Okawaru
 27996 | Lair:6   | Identified a scroll of acquirement
 28198 | Lair:6   | Reached skill level 10 in Invocations
 28230 | Lair:6   | Received a gift from Okawaru
 28553 | Lair:6   | Reached XP level 14. HP: 62/121 MP: 21/21
 29105 | Lair:6   | Reached skill level 14 in Long Blades
 31699 | Orc:1    | Entered Level 1 of the Orcish Mines
 31699 | Orc:1    | Found Ceestrurgh's Assorted Antiques.
 31699 | Orc:1    | Noticed anet's ghost (journeyman MiMo)
 31710 | Orc:1    | Killed anet's ghost
 31836 | Orc:1    | Bought a scroll labeled DOZXOSSUREA for 22 gold pieces
 31877 | Orc:1    | Noticed anet's ghost (journeyman MiMo)
 31900 | Orc:1    | Killed anet's ghost
 32429 | Orc:2    | Entered Level 2 of the Orcish Mines
 32772 | Orc:2    | Found a roughly hewn altar of Beogh.
 32828 | Orc:2    | Found a staircase to the Elven Halls.
 32855 | Orc:1    | Received a gift from Okawaru
 33214 | Orc:2    | Noticed Urug
 34615 | Orc:1    | Received a gift from Okawaru
 34793 | Orc:2    | Noticed an orc warlord
 34920 | Orc:1    | Killed Urug
 35352 | Orc:1    | Killed an orc warlord
 35716 | Orc:2    | Found a roughly hewn altar of Beogh.
 35956 | Orc:2    | Found Facutuq's General Store.
 36159 | Orc:2    | Found Aghaoses's Antique Armour Boutique.
 36178 | Orc:2    | Found Goikuonn's Book Boutique.
 36196 | Orc:2    | Found Ripn's Antique Weapon Boutique.
 36537 | Orc:2    | Bought a pair of runed gloves for 225 gold pieces
 36606 | Orc:1    | Noticed a stone giant
 36613 | Orc:1    | Killed a stone giant
 36664 | Orc:1    | Reached skill level 15 in Long Blades
 37202 | D:12     | Found a labyrinth entrance.
 37211 | Lab      | Entered a labyrinth
 38035 | D:12     | HP: 2/122 [very large slime creature (50)]
 38036 | D:12     | Annihilated by a very large slime creature

Vault maps used:
D:1:      scummos_arrival_simple_crosswalls
D:2:      minmay_misc_feat_cross, uniq_jessica
D:3:      first_bread, hangedman_decor_growths
D:4:      nicolae_overflow_hidden_temple, uniq_duvessa, uniq_crazy_yiuf_cottage,
          uniq_blork_the_orc
D:5:      xom_butterflies, uniq_eustachio
D:6:      minmay_temple_entry_statues_pillars,
          minmay_guarded_unrand_vampires_tooth
D:7:      minmay_the_grid_triangle_9x9_recursive_2,
          nicolae_ru_sacrificial_ziggurat, serial_shops, shop_fountains,
          minivault_5, uniq_joseph
D:8:      serial_shops, kennysheep_little_box
D:9:      minmay_imperfect_grid, lemuel_doored_altar,
          chequers_temple_overflow_statue_of_worship, bloody_trog,
          nicolae_overflow_crystal_walls, orc_0_dummy, serial_undead,
          serial_undead_c, serial_undead_e, serial_undead_e, serial_undead_f,
          hangedman_fish_farm
D:11:     grunt_lair_entry_orc_guard_hut, minmay_ruined_shrine, uniq_maurice
D:12:     portal_ice_cave_rime, lab_entry_generic, nrook_mini_vaults,
          uniq_erolcha
Temple:   jpeg_temple_island
Lair:1:   statuecave_lemuel, grunt_megastairs_4
Lair:2:   swamp_mist_pool
Lair:3:   spider_nest_entry_web_field
Lair:4:   basic_altar, beast_lair_carwin_7
Lair:5:   slime_altar_1
Lair:6:   hangedman_lair_tendril_chambers
Orc:1:    serial_shops, nicolae_shop_waterfront
Orc:2:    grunt_orc_cross, basic_altar
Lab:      labyrinth_watery, lab_statue

Skill      XL: |  1  2  3  4  5  6  7  8  9 10 11 12 13 14 |
---------------+-------------------------------------------+-----
Long Blades    | 3 4 5 6 7 9 10 11 12 13 15 | 15.0
Fighting       | 3 6 8 10 | 10.8
Invocations    | 4 7 10 | 10.5
Throwing       | 6 8 10 11 | 11.5
Armour         | 3 5 6 8 |  8.7
Dodging        | |  2.8

Action                   |  1- 3 |  4- 6 |  7- 9 | 10-12 | 13-15 || total
-------------------------+-------+-------+-------+-------+-------++-------
Melee: Long sword        |    70 |   102 |   511 |     4 |       ||   687
       Kick              |    15 |    34 |   175 |   266 |   261 ||   751
       Punch             |       |       |     1 |       |       ||     1
       Great sword       |       |       |       |   830 |   804 ||  1634
       Triple sword      |       |       |       |       |     8 ||     8
Throw: Javelin           |       |     5 |     7 |    16 |   180 ||   208
       Throwing net      |       |       |     2 |     4 |       ||     6
       Tomahawk          |       |       |       |       |    44 ||    44
Invok: Heroism           |       |       |     2 |    12 |    21 ||    35
       Finesse           |       |       |       |       |     3 ||     3
Evoke: Wand              |       |       |       |     6 |     3 ||     9
  Use: Scroll            |       |       |    12 |    11 |    13 ||    36
       Potion            |       |       |     1 |     1 |     5 ||     7
 Stab: Held in net/web   |       |       |     1 |       |       ||     1
       Distracted        |       |       |       |     1 |       ||     1
  Eat: Chunk             |       |     7 |    21 |    23 |    29 ||    80
       Bread ration      |       |       |       |     2 |     3 ||     5
       Royal jelly       |       |       |       |     2 |     1 ||     3
Armor: Leather armour    |    29 |    33 |    54 |       |       ||   116
       Chain mail        |       |       |   249 |    33 |       ||   282
       Ring mail         |       |       |       |   460 |   409 ||   869
Dodge: Dodged            |    34 |    47 |   164 |   258 |   229 ||   732
Block: Other             |       |       |       |    47 |    72 ||   119
       Reflection        |       |       |       |       |     2 ||     2
       Rpst.: Long sword |     9 |    14 |    44 |       |       ||    67
       Great sword       |       |       |       |    77 |    55 ||   132
       Triple sword      |       |       |       |       |     3 ||     3
